 Dungeon Crawl Stone Soup version 0.23.1 (webtiles) character file.

Game seed: 2397380319119502466

107 Fang the Skirmisher (level 4, 0/29 HPs)
             Began as a Gargoyle Berserker on Mar 13, 2019.
             Was a Priest of Trog.
             Slain by Grinder (2 damage)
             ... on level 3 of the Dungeon.
             The game lasted 00:01:46 (2097 turns).

Fang the Skirmisher (Gargoyle Berserker)            Turns: 2097, Time: 00:01:46

Health: 0/29       AC:  5    Str: 22    XL:     4   Next: 85%
Magic:  4/4        EV: 12    Int:  7    God:    Trog [***...]
Gold:   111        SH:  0    Dex:  9    Spells: 3/3 levels left

rFire    . . .     SeeInvis .   a - +0 hand axe
rCold    . . .     Gourm    .   (no shield)
rNeg     + . .     Faith    .   b - +0 animal skin
rPois    ∞         Spirit   .   (no helmet)
rElec    +         Reflect  .   (no cloak)
rCorr    +         Harm     .   (no gloves)
MR       .....                  (no boots)
Stlth    +.........             (no amulet)
HPRegen  0.09/turn              h - ring of resist corrosion
MPRegen  0.09/turn              (no ring)

@: berserk cooldown, slowed, very slow
A: negative energy resistance 1, electricity resistance, unbreathing,
petrification resistance, rot immunity, AC +3
a: Berserk, Trog's Hand, Renounce Religion


You were on level 3 of the Dungeon.
You worshipped Trog.
Trog was most pleased with you.
You were near starving.

You visited 1 branch of the dungeon, and saw 3 of its levels.

You collected 111 gold pieces.

Inventory:

Hand Weapons
 a - a +0 hand axe (weapon)
Armour
 b - a +0 animal skin (worn)
Jewellery
 h - a ring of resist corrosion (left hand)
Scrolls
 d - 2 scrolls of enchant weapon {unknown}
 e - a scroll of noise {unknown}
 f - 2 scrolls of enchant armour {unknown}
 g - a scroll of blinking {unknown}
 j - a scroll of remove curse {unknown}
 k - 4 scrolls of identify {unknown}
 m - a scroll of teleportation {unknown}
 p - 3 scrolls of fear {unknown}
Potions
 l - a potion of might {unknown}
 n - a potion of agility {unknown}
 o - a potion of brilliance {unknown}
Comestibles
 c - 5 rations


   Skills:
 + Level 4.1 Fighting
 + Level 3.3 Axes
 + Level 3.2 Armour
 + Level 2.4 Dodging


You had 3 spell levels left.
You didn't know any spells.
Your spell library was empty.

Dungeon Overview and Level Annotations

Branches:
Dungeon (3/15)

Altars:
Ashenzari
Fedhas
Makhleb
Trog
Xom
Yredelemnul
Zin

Annotations:
D:3 Grinder


Innate Abilities, Weirdness & Mutations

You are resistant to torment.
Your stone body is resilient. (AC +3)
You are immune to poison.
You resist negative energy. (rN+)
You are resistant to electric shocks. (rElec)
You can survive without breathing.
You are immune to petrification.
You are immune to rotting.


Message History

You are too injured to fight recklessly!
You are too injured to fight recklessly!
You are too injured to fight recklessly!
You are too injured to fight recklessly!
You are too injured to fight recklessly!
You are too injured to fight recklessly!
You are too injured to fight recklessly!
You are too injured to fight recklessly!
You are too injured to fight recklessly!
You are too injured to fight recklessly!
You are too injured to fight recklessly!
You are too injured to fight recklessly!
Grinder barely misses you. Grinder gestures at you.
Pain shoots through your body!
There is a stone staircase leading up here.
Grinder hits you!
* * * LOW HITPOINT WARNING * * *
You writhe in agony.
You die...

#.....#
.########.....##
........'......#
#########......#
#......#
#......#
#.....##
#.....######
#..@5......#
###<#......#
###......#
#......#
########


You could see Grinder.

Vanquished Creatures
  An adder (D:2)
  A gnoll (D:2)
  3 oozes
  A worm (D:3)
  4 dart slugs
  5 leopard geckos
  A ball python (D:2)
  2 giant cockroaches
  8 goblins
  8 hobgoblins
  2 jackals (D:3)
  11 bats
  3 frilled lizards
  3 kobolds
  9 rats
62 creatures vanquished.

Notes
Turn   | Place    | Note
-------+----------+-------------------------------------------
     0 | D:1      | Fang the Gargoyle Berserker began the quest for the Orb.
     0 | D:1      | Reached XP level 1. HP: 14/14 MP: 1/1
    90 | D:1      | Reached XP level 2. HP: 19/19 MP: 2/2
   263 | D:1      | Found a shattered altar of Ashenzari.
   292 | D:1      | Reached XP level 3. HP: 8/23 MP: 3/3
   571 | D:1      | Reached ** piety under Trog
   929 | D:2      | Found a basalt altar of Yredelemnul.
   929 | D:2      | Found a burning altar of Makhleb.
  1258 | D:2      | Reached XP level 4. HP: 29/29 MP: 4/4
  1327 | D:2      | Reached skill level 4 in Fighting
  1515 | D:2      | Found a shadowy altar of Dithmenos.
  1517 | D:2      | Found a blossoming altar of Fedhas.
  1517 | D:2      | Found a shimmering altar of Xom.
  1519 | D:2      | Found a bloodstained altar of Trog.
  1519 | D:2      | Found a glowing silver altar of Zin.
  1519 | D:2      | Found a basalt altar of Yredelemnul.
  1611 | D:3      | Reached *** piety under Trog
  1795 | D:3      | Noticed Grinder
  2079 | D:3      | Paralysed by Grinder for 7 turns
  2097 | D:3      | Slain by Grinder

Skill      XL: |  1  2  3  4 |
---------------+-------------+-----
Dodging        | 2 |  2.4
Axes           | 3 |  3.3
Armour         | 3 |  3.2
Fighting       | 4 |  4.1

Action                   |  1- 3 |  4- 6 || total
-------------------------+-------+-------++-------
Melee: Hand axe          |   118 |    67 ||   185
Invok: Berserk           |       |     2 ||     2
  Eat: Chunk             |     1 |     3 ||     4
Armor: Animal skin       |    43 |    27 ||    70
Dodge: Dodged            |   113 |    49 ||   162
